 Dungeon Crawl Stone Soup version 0.23.2-1-ga50397a (webtiles) character file.

Game seed: 8347057197301313178

1154 kae the Transmogrifier (level 8, 0/53 (54) HPs)
             Began as a Demonspawn Transmuter on Apr 14, 2019.
             Slain by Sigmund
             ... wielding a +0 scythe
              (10 damage)
             ... on level 6 of the Dungeon.
             The game lasted 00:04:10 (4082 turns).

kae the Transmogrifier (Demonspawn Transmuter)      Turns: 4082, Time: 00:04:11

HP:   0/53 (54)     AC:  5    Str: 11    XL:     8   Next: 16%
MP:   0/11          EV: 12    Int: 15    God:
Gold: 290           SH:  0    Dex: 15    Spells: 5/11 levels left

rFire    + . .     SeeInvis .     - Unarmed
rCold    + . .     Gourm    .   (no shield)
rNeg     . . .     Faith    .   b - +1 robe
rPois    .         Spirit   +   (no helmet)
rElec    .         Reflect  .   s - scarf {rC+ rF+}
rCorr    .         Harm     .   (no gloves)
MR       .....                  (no boots)
Stlth    +.........             (no amulet)
HPRegen  0.17/turn              (no ring)
MPRegen  0.12/turn              (no ring)

@: no status effects
A: talons 2, yellow scales 1, demonic guardian 1, magic shield
a: no special abilities


You were on level 6 of the Dungeon.
You were not hungry.

You visited 1 branch of the dungeon, and saw 6 of its levels.

You collected 290 gold pieces.

Inventory:

Missiles
 a - 68 arrows
Armour
 b - a +1 robe (worn)
 s - a scarf of resistance (worn)
Scrolls
 g - 3 scrolls of noise
 i - 3 scrolls of fog
 j - 4 scrolls of enchant weapon
 l - 4 scrolls of remove curse
 m - a scroll of blinking
 o - a scroll of teleportation
Potions
 c - a potion of brilliance
 e - a potion of degeneration
 f - 2 potions of berserk rage
 h - 3 potions of curing
 k - a potion of magic
 n - a potion of resistance
 p - a potion of lignification {unknown}
 r - 2 potions of heal wounds {unknown}
Comestibles
 d - 5 rations
 q - 3 chunks of flesh


   Skills:
 - Level 1.0 Fighting
 - Level 1.7 Dodging
 - Level 2.6 Unarmed Combat
 - Level 2.0 Spellcasting
 + Level 9.1 Transmutations


You had 5 spell levels left.
You knew the following spells:

 Your Spells              Type           Power        Failure   Level  Hunger
a - Beastly Appendage     Tmut           ####..       1%          1    #......
b - Sticks to Snakes      Tmut           ####....     1%          2    ###....
c - Spider Form           Tmut/Pois      ###.......   11%         3    ###....

Your spell library contained the following spells:

 Spells                   Type           Power        Failure   Level  Hunger
 Blade Hands              Tmut           ####......   14%         5    ######.
 Ice Form                 Ice/Tmut       ###.....     34%         4    #####..


Dungeon Overview and Level Annotations

Branches:
Dungeon (6/15)
 Temple: D:4-7

Altars:
Makhleb

Portals:
Ossuary: D:6

Annotations:
D:2 Robin
D:6 Sigmund


Innate Abilities, Weirdness & Mutations

You have razor-sharp toenails.
You are partially covered in yellow scales. (AC +2)
A weak demonic guardian rushes to your aid.
When hurt, damage is shared between your health and your magic reserves.


Message History

Your +1 robe unmelds from your body.
You feel resistant to extremes of temperature.
Something hits your white imp.
Found 3 scrolls of blinking.
Your white imp disappears in a puff of smoke!
You open the door.
A mummy comes into view.
The mummy moves out of view.
Found a sand-covered staircase.
There is an open door here.
The mummy misses you. The mummy hits you!
* * * LOW HITPOINT WARNING * * *
A mummy is nearby!
A magic dart appears from out of thin air!
The magic dart hits you.
* * * LOW HITPOINT WARNING * * *
There is an open door here.
Something hits you!
You die...

#.#p# #.#)#
#.#.# #.#.##
#....# ##
#..#..# ..
#..##..#
#.#.p###...
#?.(@#.##..#
###..#..##...
#..M..∩##..
#..#..## ..
#..#.##
##.### #.#
#.# #..


You could see a mummy and a neutral freed slave (wandering).

Vanquished Creatures
  Pikel (D:6)
  A sky beast (D:5)
  An ogre (D:4)
  A necrophage (D:6)
  A bullfrog (D:6)
  3 scorpions
  A howler monkey (D:4)
  An orc priest (D:3)
  2 worker ants
  Terence (D:3)
  2 adders
  An ooze (D:3)
  2 adder zombies (D:5)
  A worm (D:3)
  2 dart slugs (D:1)
  7 leopard geckos
  3 orcs (D:3)
  3 bats
  A giant cockroach (D:5)
  2 goblins
  3 hobgoblins
  5 jackals
  4 frilled lizards
  4 kobolds
  A quokka zombie (D:5)
  3 rats
57 creatures vanquished.

Vanquished Creatures (collateral kills)
  An ogre (D:4)
  A worker ant (D:4)
2 creatures vanquished.

Vanquished Creatures (others)
  A leopard gecko skeleton (D:6)
1 creature vanquished.

Grand Total: 60 creatures vanquished

Notes
Turn   | Place    | Note
-------+----------+-------------------------------------------
     0 | D:1      | kae the Demonspawn Transmuter began the quest for the Orb.
     0 | D:1      | Reached XP level 1. HP: 15/15 MP: 3/3
    35 | D:1      | Reached skill level 2 in Transmutations
   356 | D:1      | Gained mutation: When hurt, damage is shared between your
                  | health and your magic reserves. [demonic ancestry]
   356 | D:1      | Reached XP level 2. HP: 20/21 MP: 3/5
   363 | D:1      | Learned a level 2 spell: Sticks to Snakes
   682 | D:2      | Noticed Robin
   703 | D:3      | Reached skill level 3 in Transmutations
   902 | D:3      | Reached XP level 3. HP: 18/26 MP: 3/6
  1213 | D:3      | Learned a level 3 spell: Spider Form
  1530 | D:3      | Found a burning altar of Makhleb.
  1547 | D:3      | Noticed a scorpion
  1554 | D:3      | Killed a scorpion
  1554 | D:3      | Reached skill level 4 in Transmutations
  1554 | D:3      | Gained mutation: A weak demonic guardian rushes to your
                  | aid. [demonic ancestry]
  1554 | D:3      | Reached XP level 4. HP: 32/32 MP: 3/7
  2103 | D:3      | Noticed Terence
  2112 | D:3      | Killed Terence
  2112 | D:3      | Gained mutation: You have sharp toenails. [demonic
                  | ancestry]
  2112 | D:3      | Reached XP level 5. HP: 14/37 MP: 1/8
  2317 | D:4      | Noticed an ogre
  2326 | D:4      | Killed an ogre
  2326 | D:4      | Reached skill level 5 in Transmutations
  2445 | D:4      | Gained mutation: You have razor-sharp toenails. [demonic
                  | ancestry]
  2445 | D:4      | Reached XP level 6. HP: 38/43 MP: 4/9
  2450 | D:4      | Reached skill level 6 in Transmutations
  3067 | D:5      | Entered Level 5 of the Dungeon
  3382 | D:5      | Noticed a sky beast
  3396 | D:5      | Killed a sky beast
  3396 | D:5      | Reached skill level 7 in Transmutations
  3396 | D:5      | Gained mutation: You are partially covered in yellow
                  | scales. (AC +2) [demonic ancestry]
  3396 | D:5      | Reached XP level 7. HP: 18/48 MP: 3/10
  4033 | D:6      | Noticed Pikel
  4039 | D:6      | Noticed Sigmund
  4063 | D:6      | Killed Pikel
  4063 | D:6      | Reached skill level 9 in Transmutations
  4063 | D:6      | Reached XP level 8. HP: 23/53 MP: 3/11
  4075 | D:6      | Found a sand-covered staircase.
  4082 | D:6      | Slain by Sigmund

Skill      XL: |  1  2  3  4  5  6  7 |
---------------+----------------------+-----
Transmutations | 2 3 4 5 7 9 |  9.1
Fighting       | |  1.0
Dodging        | |  1.7
Unarmed Combat | |  2.6
Spellcasting   | |  2.0

Action                   |  1- 3 |  4- 6 |  7- 9 || total
-------------------------+-------+-------+-------++-------
Melee: Unarmed           |    87 |   114 |    41 ||   242
       Headbutt          |     4 |       |       ||     4
       Kick              |     3 |     3 |     5 ||    11
       Punch             |       |     1 |       ||     1
 Cast: Beastly Appendage |    16 |       |       ||    16
       Spider Form       |     1 |    12 |     5 ||    18
  Use: Scroll            |     6 |     8 |     1 ||    15
 Stab: Distracted        |       |     1 |     1 ||     2
  Eat: Chunk             |     2 |     4 |       ||     6
       Ration            |       |     1 |     1 ||     2
Armor: Robe              |    24 |    13 |     2 ||    39
       Skin              |     1 |     2 |       ||     3
Dodge: Dodged            |    49 |    64 |    34 ||   147
